 Dungeon Crawl Stone Soup version 0.21.0 (webtiles) character file.

124 Suckerboh the Shooter (level 4, 0/37 HPs)
             Began as a Centaur Hunter on Jan 8, 2018.
             Slain by Natasha (4 damage)
             ... on level 3 of the Dungeon.
             The game lasted 00:04:26 (1741 turns).

Suckerboh the Shooter (Centaur Hunter)              Turns: 1741, Time: 00:04:27

Health: 0/37       AC:  4    Str: 14    XL:     4   Next: 81%
Magic:  4/4        EV:  9    Int: 10    God:
Gold:   86         SH:  0    Dex: 11    Spells: 3/3 levels left

rFire    . . .     SeeInvis .   a - +1 shortbow
rCold    . . .     Gourm    .   (shield currently unavailable)
rNeg     . . .     Faith    .   c - +0 leather armour
rPois    .         Spirit   .   (no helmet)
rElec    .         Reflect  .   (no cloak)
rCorr    .         Harm     .   (no gloves)
MR       .....                  (no barding)
Stlth    +.........             (no amulet)
HPRegen  0.12/turn              j - ring of wizardry
MPRegen  0.09/turn              (no ring)

@: very quick
A: large, hooves 3, deformed body, speed 2, tough skin 3
a: no special abilities


You were on level 3 of the Dungeon.
You were not hungry.

You visited 1 branch of the dungeon, and saw 3 of its levels.

You collected 86 gold pieces.

Inventory:

Hand Weapons
 a - a +1 shortbow (weapon)
 b - a +1 dagger of venom
 n - a +0 short sword
 p - a +0 hunting sling
Missiles
 d - 14 arrows (quivered)
 o - 23 poisoned needles
 q - 21 stones
Armour
 c - a +0 leather armour (worn)
Jewellery
 j - a ring of wizardry (left hand)
Scrolls
 g - 3 scrolls of remove curse {unknown}
 h - 2 scrolls of identify {unknown}
 k - a scroll of teleportation {unknown}
 s - a scroll of immolation {unknown}
 t - a scroll of random uselessness {unknown}
Potions
 e - 3 potions of flight {unknown}
 i - 2 potions of mutation {unknown}
 l - a potion of berserk rage {unknown}
 m - a potion of cancellation {unknown}
 r - a potion of brilliance {unknown}
Comestibles
 f - 3 rations
 u - a chunk of flesh


   Skills:
 * Level 2.5 Fighting
 * Level 7.1 Bows
 + Level 1.0 Armour
 + Level 1.9 Dodging
 - Level 0.4 Stealth


You had 3 spell levels left.
You didn't know any spells.

Dungeon Overview and Level Annotations

Branches:
Dungeon (3/15)

Altars:

Annotations:
D:3 Jessica, Natasha


Innate Abilities, Weirdness & Mutations

You have hooves in place of feet.
Armour fits poorly on your strangely shaped body.
You cover ground very quickly.
You have extremely tough skin. (AC +3)


Message History

Wield which item (- for none, * to show all)? (? for menu, Esc to quit)
Your +1 dagger of venom stops dripping with poison.
a - a +1 shortbow (weapon)
Natasha stares at you and mumbles some strange words.
The magic dart hits you!
* * * LOW HITPOINT WARNING * * *
Firing (i - inventory. (,) - cycle):
d - 17 arrows (quivered)
Press: ? - help, Shift-Dir - straight line, f/p - Natasha
Aim: Natasha You shoot an arrow.
The arrow hits Natasha!
Natasha is severely wounded.
Firing (i - inventory. (,) - cycle):
d - 16 arrows (quivered)
Press: ? - help, Shift-Dir - straight line, f/p - Natasha
Aim: Natasha (severely wounded)
You shoot an arrow. The arrow closely misses Natasha.
Natasha misses you.
Firing (i - inventory. (,) - cycle):
d - 15 arrows (quivered)
Press: ? - help, Shift-Dir - straight line, f/p - Natasha
Aim: Natasha (severely wounded)
You shoot an arrow. The arrow closely misses Natasha.
Natasha claws you.
You die...

#######.# #.# #...##..# .<>..##.#
#.# ###.....#.. .†...##.## #.#.#
#.#(†.... .....##..####...#.#
#####.).....# .....##.>.....#
#.###............ ...........####
#..##.###.#....##
.....###.#.#######.##.###.#......
.....# #>#.....##).............##
.....# #...###(h@.........#......
.....# ###.##.(...##########...#.
.....# #.##(##### .... ##.###
#....# ## #. #..#### #...# ...#.#
#..###.# #.. ...


You could see Natasha.

Vanquished Creatures
  Natasha (D:3)
  A gnoll (D:1)
  3 adders
  2 worms (D:2)
  2 dart slugs (D:1)
  2 leopard geckos
  5 bats
  2 giant cockroaches
  10 goblins
  8 hobgoblins
  3 jackals (D:2)
  5 kobolds
  A ball python (D:3)
  2 frilled lizards (D:1)
  3 rats
50 creatures vanquished.

Notes
Turn   | Place    | Note
-------+----------+-------------------------------------------
     0 | D:1      | Suckerboh the Centaur Hunter began the quest for the Orb.
     0 | D:1      | Reached XP level 1. HP: 17/17 MP: 1/1
   339 | D:1      | Reached skill level 6 in Bows
   339 | D:1      | Reached XP level 2. HP: 16/24 MP: 2/2
   590 | D:1      | Reached XP level 3. HP: 27/29 MP: 3/3
  1298 | D:2      | Reached XP level 4. HP: 25/36 MP: 4/4
  1432 | D:2      | Reached skill level 7 in Bows
  1447 | D:3      | Noticed Natasha
  1447 | D:3      | Noticed Jessica
  1718 | D:3      | Killed Natasha
  1718 | D:3      | Reached skill level 1 in Armour
  1734 | D:3      | Noticed Natasha
  1741 | D:3      | Slain by Natasha

Skill      XL: |  1  2  3  4 |
---------------+-------------+-----
Bows           | 6 7 |  7.1
Armour         | 1 |  1.0
Fighting       | |  2.5
Dodging        | |  1.9
Stealth        | |  0.4

Action                   |  1- 3 |  4- 6 || total
-------------------------+-------+-------++-------
Melee: Short sword       |    28 |       ||    28
       Kick              |    15 |     8 ||    23
       Dagger            |    57 |    40 ||    97
 Fire: Shortbow          |     7 |     3 ||    10
Throw: Stone             |       |     1 ||     1
  Eat: Chunk             |       |     2 ||     2
Armor: Leather armour    |    38 |    12 ||    50
Dodge: Dodged            |    49 |    28 ||    77
